 Dungeon Crawl Stone Soup version 0.30-a0-634-g8abc85282e (webtiles) character file.

Game seed: 6216633502753573728

694183 holysushi the Intangible (level 27, -7/214 HPs)
             Began as an Octopode Monk on Jan 15, 2023.
             Was an Initiate of Gozag.
             Killed by an exploding ball lightning (37 damage)
             ... in Pandemonium.
             The game lasted 02:03:27 (69940 turns).

holysushi the Intangible (Octopode Monk)           Turns: 69940, Time: 02:03:27

Health: -7/214     AC:  7    Str: 12    XL:     27
Magic:  26/26      EV: 77    Int: 20    God:    Gozag
Gold:   4937       SH: 28    Dex: 61    Spells: 33/34 levels left

rFire   . . .      SeeInvis +    a - +7 captain's cutlass {speed, disarm}
rCold   + . .      Faith    .    N - +5 kite shield {reflect}
rNeg    + + +      Spirit   .    k - +2 hat
rPois   +          Reflect  +    M - amulet of Vitality {RegenMP++ Regen++}
rElec   .          Harm     .    L - ring "Jiax" {rN+ Will+ Int+3 Dex+5}
rCorr   .          Rampage  .    e - +6 ring of dexterity
Will    +++++                    h - +6 ring of dexterity Stlth ***+++++++
                                 m - ring of Wuotaeg {Int+3 Dex+4 Slay+4 SInv}
HPRegen 2.15/turn                H - ring "Bisaum" {Fly rN++ AC+4 Dex+3}
MPRegen 1.00/turn                x - ring of protection from cold
                                 X - ring "Faroikhi" {rPois Will++ Dex+6}
                                 A - +6 ring of dexterity

@: about to teleport, gold aura, flying, studying 4 skills
A: almost no armour, amphibious, 8 rings, camouflage 1, gelatinous body 1,
(nimble swimmer 1), tentacles, tentacle spike 1, low MP 1, wild magic 1
}: 6/15 runes: decaying, silver, golden, abyssal, demonic, gossamer
a: Renounce Religion, Potion Petition, Call Merchant, Bribe Branch


You were in Pandemonium.
You worshipped Gozag.
Gozag was most pleased with you.
You visited 11 branches of the dungeon, and saw 49 of its levels.
You visited Pandemonium 1 time, and saw 4 of its levels.
You visited the Abyss 1 time.
You also visited: Bailey and Ice Cave.

You collected 33386 gold pieces.
You spent 9601 gold pieces at shops.
You paid 18848 gold pieces to Gozag.

Inventory:

Hand Weapons
 a - the +7 captain's cutlass (weapon) {speed, disarm}
   (You bought it in a shop on level 9 of the Dungeon)
 b - a +7 vampiric short sword
 V - the +8 rapier of Gejeg {spect, rPois rF+++ rN+++ Dex-4}
   (You found it on level 5 of the Lair of Beasts)

   Dex:       It affects your dexterity (-4).
   rF:        It renders you almost immune to fire.
   rPois:     It protects you from poison.
   rN:        It renders you almost immune to negative energy.
Armour
 k - a +2 hat (worn)
 N - a +5 kite shield of reflection (worn)
Jewellery
 e - a +6 ring of dexterity (right tentacle)
 h - a +6 ring of dexterity (on tentacle)
 i - a +6 ring of dexterity
 l - the macabre finger necklace {Finger+ rN+}
   (You took it off a deep elf pyromancer on level 3 of the Elven Halls)

   [amulet of nothing]

   Finger+:   It enables you to equip an extra ring.
   rN:        It protects you from negative energy.
 m - the ring of Wuotaeg (on tentacle) {Int+3 Dex+4 Slay+4 SInv}
   (You bought it in a shop on level 11 of the Dungeon)

   [ring of slaying]

   Int:       It affects your intelligence (+3).
   Dex:       It affects your dexterity (+4).
   Slay:      It affects your accuracy & damage with ranged weapons and melee
   (+4).
   SInv:      It lets you see invisible.
 t - a +6 ring of dexterity
 x - a ring of protection from cold (on tentacle)
 A - a +6 ring of dexterity (on tentacle)
 H - the ring "Bisaum" (on tentacle) {Fly rN++ AC+4 Dex+3}
   (You found it on level 5 of the Vaults)

   [ring of protection]

   AC:        It affects your AC (+4).
   Dex:       It affects your dexterity (+3).
   rN:        It greatly protects you from negative energy.
   Fly:       It grants you flight.
 K - the ring "Zoabb" {rPois rF+ Str+2 Int+4 Dex+2}
   (You took it off a vault guard on level 4 of the Vaults)

   [ring of protection from fire]

   Str:       It affects your strength (+2).
   Int:       It affects your intelligence (+4).
   Dex:       It affects your dexterity (+2).
   rF:        It protects you from fire.
   rPois:     It protects you from poison.
 L - the ring "Jiax" (left tentacle) {rN+ Will+ Int+3 Dex+5}
   (You bought it in a shop on level 2 of the Orcish Mines)

   [ring of positive energy]

   Int:       It affects your intelligence (+3).
   Dex:       It affects your dexterity (+5).
   rN:        It protects you from negative energy.
   Will:      It increases your willpower.
 M - the amulet of Vitality (around mantle) {RegenMP++ Regen++}
   (You took it off a royal mummy on level 1 of the Crypt)

   [amulet of magic regeneration]

   It increases your rate of magic regeneration.
   Regen:     It increases your rate of health regeneration.
 W - the amulet of Zioxilups {Spirit *Slow rElec Dex+5 Stlth+}
   (You bought it in a shop on level 11 of the Dungeon)

   [amulet of guardian spirit]

   It causes incoming damage to be divided between your reserves of health and
   magic.
   Dex:       It affects your dexterity (+5).
   rElec:     It insulates you from electricity.
   *Slow:     It may slow you when you take damage.
   Stlth:     It makes you more stealthy.
 X - the ring "Faroikhi" (on tentacle) {rPois Will++ Dex+6}
   (You bought it in a shop on level 11 of the Dungeon)

   [ring of dexterity]

   Dex:       It affects your dexterity (+6).
   rPois:     It protects you from poison.
   Will:      It greatly increases your willpower.
Wands
 o - a wand of digging (14)
 G - a wand of mindburst (32)
 I - a wand of acid (42)
Scrolls
 p - 7 scrolls of fog
 v - 19 scrolls of teleportation
 y - 10 scrolls of immolation
 C - 9 scrolls of fear
 F - 7 scrolls of silence
 Q - 5 scrolls of butterflies
 S - 12 scrolls of magic mapping
 T - a scroll of blinking
 Z - 7 scrolls of vulnerability
Potions
 c - 13 potions of brilliance
 d - 9 potions of resistance
 f - 18 potions of mutation
 g - 8 potions of lignification
 j - 10 potions of might
 n - 7 potions of attraction
 q - 9 potions of haste
 r - 4 potions of invisibility
 s - 5 potions of heal wounds
 u - 7 potions of flight
 D - 5 potions of cancellation
 J - 7 potions of magic
 O - 7 potions of ambrosia
 P - 8 potions of berserk rage
 U - 17 potions of curing
Miscellaneous
 w - a phantom mirror
 z - a phial of floods
 B - a lightning rod (4/4)
 E - a box of beasts (inert)
 R - a condenser vane
 Y - a figurine of a ziggurat


   Skills:
 + Level 24.0 Fighting
 - Level 25.0 Short Blades
 O Level 27 Dodging
 O Level 27 Stealth
 - Level 13.9 Shields
 - Level 4.0 Spellcasting
 - Level 7.0 Translocations
 - Level 10.0 Evocations


You had 33 spell levels left.
You knew the following spells:

 Your Spells              Type           Power      Damage    Failure   Level
a - Apportation           Tloc           82%        N/A       2%          1

Your spell library contained the following spells:

 Spells                   Type           Power      Damage    Failure   Level
 Gell's Gravitas          Tloc           41%        N/A       7%          3
 Teleport Other           Tloc           41%        N/A       7%          3
 Manifold Assault         Tloc           41%        N/A       19%         4
 Passage of Golubria      Tloc           41%        N/A       19%         4
 Portal Projectile        Hex/Tloc       46%        N/A       24%         3
 Vhi's Electric Charge    Tloc/Air       46%        N/A       24%         3
 Foxfire                  Conj/Fire      20%        2x1d5     32%         1
 Freeze                   Ice            20%        1d4       32%         1
 Magic Dart               Conj           20%        1d4       32%         1
 Necrotise                Necr           20%        1d5       32%         1
 Shock                    Conj/Air       20%        1d4       32%         1
 Sting                    Tmut/Pois      20%        1d4       32%         1
 Summon Small Mammal      Summ           20%        N/A       32%         1
 Kindle Blastsparks       Fire/Tloc/Air  34%        2d12      36%         3
 Cigotuvi's Dreadful Rot  Necr/Pois/Air  10%        N/A       43%         2
 Ensorcelled Hibernation  Hex/Ice        10%        N/A       43%         2
 Poisonous Vapours        Pois/Air       10%        N/A       43%         2
 Searing Ray              Conj           10%        2d4       43%         2
 Sublimation of Blood     Necr           5%         N/A       43%         2
 Iskenderun's Mystic Bla  Conj/Tloc      23%        2d6       58%         4
 Call Canine Familiar     Summ           5%         N/A       65%         3
 Dazzling Flash           Conj/Hex       10%        N/A       65%         3
 Frozen Ramparts          Ice            10%        1d2       65%         3
 Hailstorm                Conj/Ice       5%         3d4       65%         3
 Ignite Poison            Fire/Tmut/Pois 5%         N/A       65%         3
 Inner Flame              Hex/Fire       5%         N/A       65%         3
 Mephitic Cloud           Conj/Pois/Air  5%         N/A       65%         3
 Spider Form              Tmut/Pois      5%         N/A       65%         3
 Summon Guardian Golem    Hex/Summ       5%         N/A       65%         3
 Swiftness                Air            5%         N/A       65%         3
 Vampiric Draining        Necr           5%         2d6       65%         3
 Summon Forest            Summ/Tloc      11%        N/A       88%         5
 Dispersal                Tloc           20%        N/A       94%         6
 Airstrike                Air            2%         2d(1-17)  96%         4
 Anguish                  Hex/Necr       2%         N/A       96%         4
 Cause Fear               Hex            2%         N/A       96%         4
 Dispel Undead            Necr           5%         3d7       96%         4
 Fulminant Prism          Conj/Hex       2%         3d5       96%         4
 Ice Form                 Ice/Tmut       5%         N/A       96%         4
 Leda's Liquefaction      Hex/Erth       2%         N/A       96%         4
 Olgreb's Toxic Radiance  Pois           5%         N/A       96%         4
 Petrify                  Tmut/Erth      5%         N/A       96%         4
 Sticky Flame             Conj/Fire      5%         2d3       96%         4
 Summon Ice Beast         Ice/Summ       5%         N/A       96%         4
 Agony                    Necr           5%         N/A       100%        5
 Arcjolt                  Conj/Air       2%         1d12      100%        5
 Blade Hands              Tmut           2%         N/A       100%        5
 Borgnjor's Vile Clutch   Necr/Erth      2%         N/A       100%        5
 Fireball                 Conj/Fire      2%         3d4       100%        5
 Freezing Cloud           Conj/Ice/Air   2%         6-21      100%        5
 Irradiate                Conj/Tmut      2%         3d12      100%        5
 Iskenderun's Battlesphe  Conj           5%         2d6       100%        5
 Lee's Rapid Deconstruct  Erth           2%         3d5*      100%        5
 Silence                  Hex/Air        2%         N/A       100%        5
 Summon Mana Viper        Hex/Summ       5%         N/A       100%        5
 Conjure Ball Lightning   Conj/Air       2%         3x3d6     100%        6
 Death Channel            Necr           2%         N/A       100%        6
 Eringya's Noxious Bog    Tmut/Pois      2%         N/A       100%        6
 Iron Shot                Conj/Erth      2%         9d2       100%        6
 Starburst                Conj/Fire      2%         6d3       100%        6
 Statue Form              Tmut/Erth      3%         N/A       100%        6
 Summon Cactus Giant      Summ           2%         N/A       100%        6
 Dragon Form              Tmut           2%         N/A       100%        7
 Enfeeble                 Hex            2%         N/A       100%        7
 Haunt                    Necr/Summ      2%         N/A       100%        7
 Malign Gateway           Summ/Tloc      11%        N/A       100%        7
 Monstrous Menagerie      Summ           2%         N/A       100%        7
 Orb of Destruction       Conj           2%         9d5       100%        7
 Ozocubu's Refrigeration  Ice            2%         4d8       100%        7
 Spellforged Servitor     Conj/Summ      2%         N/A       100%        7
 Summon Hydra             Summ           2%         N/A       100%        7
 Borgnjor's Revivificati  Necr           2%         N/A       100%        8
 Discord                  Hex            2%         N/A       100%        8
 Disjunction              Tloc           20%        N/A       100%        8
 Ignition                 Fire           2%         3d3       100%        8
 Infestation              Necr           2%         N/A       100%        8
 Lehudib's Crystal Spear  Conj/Erth      2%         10d2      100%        8
 Maxwell's Capacitive Co  Air            2%         ∞         100%        8
 Necromutation            Tmut/Necr      2%         N/A       100%        8
 Summon Horrible Things   Summ           2%         N/A       100%        8
 Chain Lightning          Conj/Air       2%         3d3       100%        9
 Death's Door             Necr           2%         N/A       100%        9
 Dragon's Call            Summ           2%         N/A       100%        9
 Fire Storm               Conj/Fire      2%         8d1       100%        9
 Shatter                  Erth           2%         3d6*      100%        9
 Animate Armour           Summ/Erth      Unusable   N/A       N/A         4
 Animate Dead             Necr           Unusable   N/A       N/A         4
 Simulacrum               Ice/Necr       Unusable   N/A       N/A         6

Dungeon Overview and Level Annotations

Branches:
Dungeon (15/15) Zot: 25289  Temple (1/1) D:7 Zot: 5870    Lair (5/5) D:11 Zot: 21851
  Swamp (4/4) Lair:3 Zot: 20383  Spider (4/4) Lair:3 Zot: 20064   Slime (0/5) Lair:4
    Orc (2/2) D:10 Zot: 10085     Elf (3/3) Orc:2 Zot: 13573  Vaults (5/5) D:13 Zot: 20640
  Crypt (3/3) Vaults:3 Zot: 14495    Tomb (3/3) Crypt:3 Zot: 14451  Depths (4/4) D:15 Zot: 18091
    Zot (0/5) Depths:4     Bailey (visited)           IceCv (visited)

Altars:
Ashenzari
Cheibriados
Dithmenos
Elyvilon
Fedhas
Gozag
Hepliaklqana
Kikubaaqudgha
Makhleb
Nemelex Xobeh
Okawaru
Qazlal
Ru
Sif Muna
Trog
Uskayaw
Vehumet
Wu Jian
Xom
Yredelemnul
Zin
The Shining One

Shops:
D:9 (   D:11 =   D:13 :   D:15 =   Orc:2 (=((   Elf:3 ?[=(   Swamp:3 (
Vaults:1 (   Vaults:4 (*   Crypt:1 *   Depths:1 [*:?(   Depths:2 ?   Depths:4 *

Portals:
Hell: Depths:1 Depths:2 Depths:3 Depths:4
Abyss: Depths:1 Depths:3
Pandemonium: Depths:2
Ziggurat: Depths:2

Annotations:
D:5 1 runed translucent door, Crazy Yiuf
Swamp:2 2 transporters, Zonian's ghost, adept VSBr
Tomb:1 exclusion: downstairs
Pan Lom Lobon


Innate Abilities, Weirdness & Mutations

You cannot wear most types of armour.
You are amphibious.
You can wear up to eight rings at the same time.
Your skin changes colour to match your surroundings (Stealth+).
Your rubbery body absorbs attacks. (AC +1, EV +1)
((You are camouflaged when in or above water. (Stealth+)))
You have tentacles for arms and can constrict up to eight enemies at once.
One of your tentacles bears a spike.
Your magical capacity is low. (-10% MP)
Your spells are a little harder to cast, but a little more powerful.


Message History

You stick Lom Lobon like a pincushion!!!!
You pierce Lom Lobon.
You squeeze Lom Lobon.
Lom Lobon is moderately wounded.
The ball lightning explodes!
The blast of lightning engulfs Lom Lobon.
Lom Lobon completely resists.
The blast of lightning engulfs you!!!
The blast of lightning engulfs the green death!!!
Lom Lobon gestures. 3 ball lightnings come into view.
You impale Lom Lobon!!
You pierce Lom Lobon.
Lom Lobon is heavily wounded.
Okay, then.
As you read the scroll of teleportation, it crumbles to dust.
You feel strangely unstable.
The ball lightning explodes!
The blast of lightning engulfs you!!!
The blast of lightning engulfs Lom Lobon.
Lom Lobon completely resists.
The blast of lightning engulfs the ball lightning.
The ball lightning completely resists.
The blast of lightning engulfs your juvenile shockfire beast!
Your juvenile shockfire beast resists.
The blast of lightning engulfs the ball lightning.
The ball lightning completely resists.
The blast of lightning engulfs the green death!!!
The green death dies!
The ball lightning explodes!
The blast of lightning engulfs Lom Lobon.
Lom Lobon completely resists.
The blast of lightning engulfs the ball lightning.
The ball lightning completely resists.
The blast of lightning engulfs you!!!
* * * LOW HITPOINT WARNING * * *
The blast of lightning engulfs your juvenile shockfire beast!
Your juvenile shockfire beast resists.
Your juvenile shockfire beast dies!
Your juvenile shockfire beast's corpse disappears in a puff of smoke!
The ball lightning explodes!
The blast of lightning engulfs Lom Lobon.
Lom Lobon completely resists.
The blast of lightning engulfs you!!!
You die...
Your body crumbles into a pile of gold.

...≈≈≈≈≈≈≈≈≈≈# ##≈≈##..
.≈≈≈≈≈≈≈≈≈≈≈##.........# #≈≈##..
≈≈≈≈≈≈≈≈≈≈≈##........... #≈≈≈#..
≈≈≈≈≈≈≈≈≈≈≈#............ ##≈≈#..
≈≈≈≈≈≈≈≈≈≈##...........# #≈≈#..
≈≈≈≈...≈≈≈#.......§...##. #≈≈#..
.≈≈......≈#...........#.. #≈≈#..
≈≈)..⌠.≈.≈#.$...&$....R.. #≈≈#..
.≈≈....≈≈≈#....§@.....# #≈≈#..
≈≈≈≈..≈.≈≈#.....[$$...## #≈≈#..
≈≈≈≈≈≈≈≈≈≈##...........### #≈≈#..
..≈≈≈≈≈≈≈≈≈#.............###≈≈#..
≈≈≈≈≈≈≈≈≈≈≈##...........# #≈≈≈#..
≈≈≈≈≈≈≈≈≈≈≈≈##.........## #≈≈##..
...≈≈≈≈≈≈≈≈≈≈###?.$..### ##≈≈##..
...≈≈≈≈≈≈≈≈≈≈≈≈##...##≈≈≈#≈≈≈##^)
....≈≈≈.≈≈≈≈≈≈≈.≈....≈≈≈##≈≈###..


You could see Lom Lobon (wandering) and a rakshasa.

Vanquished Creatures
  Ignacio (Pan)
  A dread lich (Crypt:3)
  Khufu (Crypt:1)
  2 ancient liches
  A juggernaut (Abyss:3)
  Mennas (Vaults:2)
  14 royal mummies
  Sojobo (Vaults:2)
  Boris (4 times) (Vaults:2 Depths:1 Depths:4 Tomb:3)
  Margery (Vaults:3)
  Bai Suzhen (Spider:4)
  Saint Roka (Vaults:2)
  2 curse toes (Crypt:3)
  Frederick (Crypt:1)
  Xtahua (Vaults:2)
  4 caustic shrikes (Depths:3)
  2 golden dragons
  A pandemonium lord (Pan)
  Nikola (Vaults:2)
  3 bone dragons
  Arachne (Spider:2)
  A tentacled monstrosity (Depths:2)
  2 Brimstone Fiends (Pan)
  3 doom hounds (Crypt:1)
  The ghost of HilariousDeathArtist the Acrobat, a veteran SpIE of Kikubaaqudgha (Depths:3)
  An Ice Fiend (Pan)
  A Hell Sentinel (Abyss:3)
  4 liches
  Grunn (Crypt:1)
  Zenata (Crypt:3)
  2 walking frostbound tomes
  2 walking earthen tomes
  A deep elf master archer (Elf:3)
  4 deep elf blademasters
  A walking divine tome (Depths:3)
  7 titans
  Kirke (Spider:4)
  15 sphinxes
  2 shadow dragons
  A thorn hunter (Swamp:3)
  2 fenstrider witches
  10 ancient champions
  A draconian monk (Depths:4)
  9 tentacled starspawn (Abyss:3)
  7 revenants
  Donald (Orc:2)
  10 tengu reavers
  10 fire giants
  8 deep elf sorcerers
  3 emperor scorpions (Spider:4)
  8 frost giants
  An azure jelly (shapeshifter) (Vaults:5)
  2 iron dragons (Depths:4)
  6 ghost moths
  16 vault wardens
  Louise (Spider:4)
  4 deep elf elementalists (Elf:3)
  A draconian scorcher (Depths:4)
  A cacodemon (Abyss:1)
  A draconian annihilator (Pan)
  Aizul (Vaults:1)
  7 war gargoyles
  11 ghouls
  3 curse skulls
  A ghost moth (shapeshifter) (Vaults:5)
  3 ophanim (Abyss:3)
  An angel (Abyss:3)
  43 very ugly things
  An orc warlord (Vaults:3)
  A broodmother (Spider:4)
  24 stone giants
  3 caustic shrike skeletons
  A juggernaut skeleton (Tomb:1)
  4 vampire knights
  18 ironbound preservers
  Nessos (D:14)
  7 ironbound thunderhulks
  6 deep elf demonologists
  3 eleionomae (Swamp:4)
  2 black draconians (Depths:4)
  7 bunyips
  3 starcursed masses (Abyss:3)
  2 white draconians
  2 demonspawn black suns (Pan)
  11 deep elf annihilators
  A purple draconian (Depths:4)
  A wendigo (Depths:4)
  21 spark wasps
  14 dire elephants
  12 blizzard demons
  5 entropy weavers
  12 green deaths
  2 eidola
  6 deep elf death magi
  Snorg (D:13)
  23 mummy priests
  7 ettins
  13 great orbs of eyes
  7 jiangshi
  18 yaktaur captains
  A crystal guardian (Vaults:3)
  Josephine (D:15)
  6 deep elf high priests
  11 rakshasas
  8 fire dragons
  2 fire dragons (shapeshifter)
  34 vault guards
  18 hydras
  11 ice dragons
  Erolcha (D:11)
  4 peacekeepers
  12 ironbound frosthearts
  A jorogumo (shapeshifter) (Vaults:4)
  An anaconda (Lair:1)
  5 ogre magi
  8 centaur warriors
  4 juggernaut simulacra
  A catoblepas (Lair:5)
  2 hell beasts (Swamp:4)
  A jorogumo (Spider:3)
  3 radroaches
  A ghost crab (Swamp:2)
  2 spriggan skeletons (Crypt:3)
  17 two-headed ogres
  3 spriggan air magi
  4 death knights
  8 alligators
  44 death scarabs
  10 boulder beetles
  7 deep troll shamans
  10 death yaks
  34 dancing weapons
  5 tengu warriors
  13 thrashing horrors
  3 spriggan berserkers (Depths:4)
  6 vampire magi
  6 orc high priests
  7 deep troll earth magi
  6 wretched stars (Abyss:3)
  9 spriggans
  6 iron trolls (Depths:1)
  2 soul eaters
  A shadow wraith (Vaults:5)
  35 skeletal warriors
  20 hell knights
  23 deep elf knights
  2 sun moths
  A salamander mystic (Depths:4)
  5 goliath frogs
  A sixfirhy (Pan)
  8 pharaoh ants
  6 glowing orange brains
  2 cherubim (Abyss:3)
  58 deep trolls
  4 flayed ghosts
  A spatial maelstrom (Abyss:1)
  10 lindwurms
  7 spriggan druids
  A death drake (shapeshifter) (Vaults:5)
  A shadow dragon zombie (Crypt:1)
  6 orb spiders
  16 bog bodies
  A spriggan simulacrum (Crypt:1)
  2 swamp dragons (shapeshifter)
  8 swamp dragons
  An orb spider (shapeshifter) (Depths:2)
  28 deep elf zephyrmancers
  26 wizards
  21 deep elf archers
  3 harpies (Vaults:3)
  78 ugly things
  A harpy (shapeshifter) (Vaults:5)
  7 steelbarb worms
  A mana viper (shapeshifter) (D:15)
  A lindwurm (shapeshifter) (Abyss:3)
  46 deep elf pyromancers
  A manticore (shapeshifter) (Depths:2)
  13 orc knights
  8 phantasmal warriors
  A tengu skeleton (Vaults:3)
  2 worldbinders
  16 ironbound convokers
  A faun (shapeshifter) (Depths:2)
  4 orc sorcerers (Orc:2)
  11 necromancers
  26 wolf spiders
  7 manticores
  8 cyclopes
  3 will-o-the-wisps
  An iron dragon skeleton (Crypt:1)
  A jorogumo skeleton (Crypt:2)
  3 salamanders (Depths:4)
  13 elephants
  A black mamba (shapeshifter) (Vaults:5)
  3 frost giant skeletons
  2 apocalypse crabs (Abyss:3)
  8 black mambas
  4 moths of wrath
  21 demonic crawlers
  A torpor snail (shapeshifter) (Vaults:4)
  6 ice statues
  8 torpor snails
  A water nymph (shapeshifter) (Depths:2)
  A gargoyle (D:14)
  10 large abominations
  13 smoke demons
  A titan simulacrum (Abyss:3)
  24 vault sentinels
  An alligator snapping turtle zombie (Crypt:2)
  6 orange demons
  2 storm dragon simulacra
  28 cane toads
  2 kobold demonologists (Abyss:3)
  17 rime drakes
  A yaktaur zombie (Vaults:2)
  6 freezing wraiths
  10 komodo dragons
  An unseen horror (shapeshifter) (D:15)
  An unseen horror (D:10)
  33 yaktaurs
  An unseen horror zombie (Crypt:3)
  3 efreet
  A hellion (Abyss:3)
  A hydra zombie (Tomb:3)
  A pale draconian skeleton (Crypt:3)
  54 guardian mummies
  6 ice devils
  A komodo dragon (shapeshifter) (Depths:3)
  5 tengu conjurers
  10 hellwings (Pan)
  6 ancient zymes
  A harpy zombie (Crypt:1)
  A tengu simulacrum (Depths:4)
  6 polar bears
  A meliai (D:15)
  14 tyrant leeches
  6 trolls
  A mana viper skeleton (Crypt:3)
  A bloated husk (Swamp:1)
  A wind drake (shapeshifter) (Elf:2)
  24 blink frogs
  A harpy skeleton (Abyss:3)
  A troll (shapeshifter) (D:15)
  25 tarantellas
  8 saltlings
  5 hornets
  2 fire dragon zombies (Crypt:3)
  A shadow dragon simulacrum (Depths:4)
  An ettin zombie (Vaults:3)
  A hydra skeleton (Tomb:1)
  A satyr zombie (Crypt:1)
  34 slime creatures
  10 raiju
  12 dream sheep
  29 flying skulls
  A black mamba zombie (Crypt:1)
  12 culicivoras
  4 air elementals
  19 jumping spiders
  3 shadows (Swamp:4)
  An ettin skeleton (Vaults:3)
  3 vampires
  53 yaks
  3 spriggans (shapeshifter)
  7 water elementals
  A wind drake zombie (Crypt:3)
  10 wraiths
  15 wyverns
  3 ynoxinuls
  A yak (shapeshifter) (Abyss:1)
  22 ushabtiu
  4 fire elementals
  A golden eye (shapeshifter) (Abyss:3)
  An elf simulacrum (Vaults:2)
  5 basilisks
  A black mamba skeleton (Abyss:3)
  2 hogs (Spider:4)
  2 neqoxecs
  48 redbacks
  A redback (shapeshifter) (Depths:2)
  5 vampire mosquitoes (Lair:5)
  11 chaos spawn
  3 steam dragons
  2 human simulacra
  6 wargs
  A harpy simulacrum (Abyss:3)
  17 water moccasins
  An acid dragon (D:11)
  6 spatial vortices
  12 swamp worms
  A glowing shapeshifter zombie (Crypt:2)
  17 small abominations
  5 ice beasts
  A dream sheep zombie (Crypt:3)
  23 orc warriors
  A glowing shapeshifter skeleton (Vaults:3)
  2 swamp drakes (Swamp:2)
  A sky beast (D:7)
  11 ogres
  3 black bears
  4 boggarts (Vaults:2)
  2 manticore skeletons (Crypt:2)
  A wolf (shapeshifter) (Abyss:3)
  A phantom (D:5)
  9 centaurs
  22 wolves
  2 centaurs (shapeshifter) (Abyss:3)
  A bullfrog (shapeshifter) (Elf:3)
  4 human zombies
  4 kobold brigands
  17 bullfrogs
  3 necrophages (Crypt:3)
  2 scorpions (D:5)
  An elf skeleton (Crypt:2)
  A draconian skeleton (Crypt:2)
  5 killer bees
  7 howler monkeys
  4 electric eels
  7 crimson imps (Abyss:3)
  6 hounds
  7 iron imps
  9 orc priests
  A quasit (Abyss:3)
  6 iguanas
  21 orc wizards
  5 hell rats (Lair:4)
  A boggart skeleton (Crypt:2)
  An ogre zombie (Crypt:2)
  28 mummies
  An adder (shapeshifter) (Abyss:3)
  14 gnolls
  3 adders
  2 river rats (shapeshifter) (Abyss:3)
  5 shadow imps
  5 white imps
  2 ufetubi
  A jelly zombie (Crypt:1)
  An iguana skeleton (Crypt:1)
  A lava snake skeleton (Crypt:3)
  5 worms
  2 dart slugs (D:2)
  75 orcs
  5 ball pythons
  A bat zombie (Crypt:1)
  7 endoplasms
  3 giant cockroaches
  3 goblins
  A goblin (shapeshifter) (Abyss:3)
  7 hobgoblins
  4 jackals (D:3)
  A jackal (shapeshifter) (Abyss:3)
  5 quokkas
  A quokka (shapeshifter) (Abyss:3)
  A ball python (shapeshifter) (Abyss:3)
  2 bats
  3 frilled lizards
  A goblin skeleton (Crypt:1)
  2 goblin zombies (Crypt:3)
  25 kobolds
  2 rats
  A rat (shapeshifter) (Abyss:3)
  A river rat skeleton (Crypt:1)
  A starspawn tentacle (Abyss:3)
2612 creatures vanquished.

Vanquished Creatures (collateral kills)
  A mummy priest (Tomb:3)
  A cane toad (Lair:1)
  A rime drake (Lair:1)
  A basilisk (Lair:1)
  2 ushabtiu (Tomb:3)
6 creatures vanquished.

Vanquished Creatures (others)
  A dread lich (Vaults:3)
  An ancient champion (Crypt:3)
  An iron dragon (Vaults:5)
  A deep elf sorcerer (Elf:3)
  2 green deaths (Pan)
  A rakshasa (Pan)
  An ironbound frostheart (Vaults:5)
  A death scarab (Tomb:3)
  2 wizards
  3 bloated husks
  4 humans
  2 orcs
  6 ball lightnings (Pan)
  3 bushes (Abyss:3)
  8 foxfires
  50 fungi
  2 lurking horrors (Abyss:3)
  4 pillars of salt (Orc:2)
  97 plants
  17 starspawn tentacles (Abyss:3)
207 creatures vanquished.

Grand Total: 2825 creatures vanquished

Notes
Turn   | Place    | Note
-------+----------+-------------------------------------------
     0 | D:1      | holysushi the Octopode Monk began the quest for the Orb.
     0 | D:1      | Reached XP level 1. HP: 16/16 MP: 1/1
   676 | D:1      | Reached XP level 2. HP: 21/21 MP: 2/2
  1412 | D:2      | Reached XP level 3. HP: 26/26 MP: 3/3
  1621 | D:2      | Found a hide-covered altar of Uskayaw.
  1755 | D:2      | Identified the +0 plate armour of an ossuary {Str+4 Int+2}
  2270 | D:3      | Reached XP level 4. HP: 26/31 MP: 4/4
  2704 | D:3      | Reached skill level 5 in Short Blades
  2983 | D:3      | Reached XP level 5. HP: 36/36 MP: 5/5
  3189 | D:4      | Noticed an ogre
  3269 | D:4      | Noticed an ogre
  3278 | D:4      | Killed an ogre
  3400 | D:4      | Reached XP level 6. HP: 42/42 MP: 6/6
  3829 | D:5      | Entered Level 5 of the Dungeon
  3845 | D:5      | Reached XP level 7. HP: 41/46 MP: 7/7
  4002 | D:5      | Found a burning altar of Makhleb.
  4235 | D:5      | Found a white marble altar of Elyvilon.
  4237 | D:5      | Found an opulent altar of Gozag.
  4237 | D:5      | Found an ornate altar of the Wu Jian Council.
  4238 | D:5      | Found a radiant altar of Vehumet.
  4279 | D:5      | Found a runed translucent door.
  4280 | D:5      | Noticed Crazy Yiuf
  4308 | D:5      | Reached XP level 8. HP: 52/52 MP: 8/8
  4895 | D:5      | Reached skill level 10 in Short Blades
  5507 | D:6      | Reached skill level 5 in Stealth
  5592 | D:6      | Found a shimmering altar of Xom.
  5606 | D:6      | Reached XP level 9. HP: 59/59 MP: 9/9
  5637 | D:6      | Reached skill level 5 in Fighting
  5994 | D:6      | Found a broken altar of Ashenzari.
  5998 | D:6      | Saw a vision of the Swamp and the Spider Nest.
  5998 | D:6      | Noticed a shambling mangrove
  5998 | D:6      | Noticed a tyrant leech
  5998 | D:6      | Noticed a bog body
  5998 | D:6      | Noticed a tyrant leech
  5998 | D:6      | Noticed an alligator
  5998 | D:6      | Noticed a goliath frog
  5998 | D:6      | Noticed a spark wasp
  5998 | D:6      | Noticed a wolf spider
  5998 | D:6      | Noticed a torpor snail
  5998 | D:6      | Noticed a wolf spider
  5998 | D:6      | Noticed a moth of wrath
  5998 | D:6      | Noticed a tarantella
  5999 | D:6      | Noticed an entropy weaver
  5999 | D:6      | Noticed a tarantella
  6000 | D:6      | Noticed a demonic crawler
  6188 | D:7      | Found a staircase to the Ecumenical Temple.
  6198 | Temple   | Entered the Ecumenical Temple
  6375 | D:5      | Became a worshipper of Gozag Ym Sagoz the Greedy
  6408 | D:7      | Found a glowing silver altar of Zin.
  7042 | D:7      | Reached skill level 5 in Dodging
  7242 | D:7      | Found a shimmering blue altar of Sif Muna.
  7929 | D:8      | Reached XP level 10. HP: 62/68 MP: 10/10
  8654 | D:9      | Reached skill level 10 in Dodging
  8765 | D:9      | Found a bloodstained altar of Trog.
  8766 | D:9      | Found an iron altar of Okawaru.
  8888 | D:9      | Noticed a boulder beetle
  8926 | D:9      | Killed a boulder beetle
  9267 | D:10     | Entered Level 10 of the Dungeon
  9294 | D:10     | Reached XP level 11. HP: 72/72 MP: 11/11
  9323 | D:10     | Noticed a green ugly thing
  9323 | D:10     | Noticed a cyan ugly thing
  9327 | D:10     | Noticed a purple ugly thing
  9329 | D:10     | Noticed a brown ugly thing
  9331 | D:10     | Noticed a red ugly thing
  9345 | D:9      | Killed a green ugly thing
  9456 | D:10     | Found a flagged portal.
  9465 | Bailey   | Entered a bailey
  9676 | Bailey   | Noticed an orc knight
  9680 | Bailey   | Killed an orc knight
 10060 | D:10     | Found a staircase to the Orcish Mines.
 10422 | D:10     | Noticed a two-headed ogre
 10429 | D:10     | Killed a two-headed ogre
 10592 | D:10     | Noticed a red ugly thing
 11013 | D:11     | Noticed a cyan ugly thing
 11149 | D:11     | Killed a cyan ugly thing
 11150 | D:11     | Reached skill level 1 in Evocations
 11159 | D:11     | Found a staircase to the Lair.
 11284 | D:11     | Reached XP level 12. HP: 81/81 MP: 12/12
 11374 | D:11     | Noticed a two-headed ogre
 11392 | D:11     | Killed a two-headed ogre
 11432 | D:11     | Noticed Erolcha
 11439 | D:11     | Killed Erolcha
 11440 | D:11     | Reached skill level 10 in Stealth
 11912 | Lair:1   | Entered Level 1 of the Lair of Beasts
 11923 | Lair:1   | Reached skill level 5 in Evocations
 12545 | Lair:1   | Noticed an alligator
 12548 | Lair:1   | Noticed a dire elephant
 13542 | Lair:2   | Reached XP level 13. HP: 87/87 MP: 13/13
 14481 | Lair:3   | Found a hole to the Spider Nest.
 14760 | Lair:3   | Found a staircase to the Swamp.
 14967 | Lair:3   | Reached skill level 15 in Dodging
 15678 | Lair:3   | Reached skill level 10 in Evocations
 15748 | Lair:1   | HP: 1/90 [dire elephant (27)]
 15924 | D:11     | Bought the ring "Faroikhi" {rPois Will++ Dex+6} for 856
                  | gold pieces
 16758 | Lair:4   | Reached XP level 14. HP: 87/98 MP: 13/14
 16952 | Lair:4   | Reached skill level 10 in Fighting
 17080 | Lair:4   | Found a staircase to the Slime Pits.
 17558 | D:11     | Bought the ring of Wuotaeg {Int+3 Dex+4 Slay+4 SInv} for
                  | 1437 gold pieces
 17867 | Lair:1   | Noticed a dire elephant
 17951 | Lair:1   | Killed a dire elephant
 18198 | Lair:1   | Killed a dire elephant
 18849 | Lair:5   | Entered Level 5 of the Lair of Beasts
 19211 | Lair:5   | Identified the +8 dire flail "Batuluac" {flame, rF- rC+++
                  | rCorr Str+3}
 19764 | Lair:5   | Reached XP level 15. HP: 103/103 MP: 12/15
 20121 | Lair:5   | Identified the +8 rapier of Gejeg {spect, rPois rF+++ rN+++
                  | Dex-4}
 21136 | Orc:1    | Entered Level 1 of the Orcish Mines
 21264 | Orc:2    | Entered Level 2 of the Orcish Mines
 21433 | Orc:2    | Noticed Donald
 21452 | Orc:2    | Killed Donald
 21579 | Orc:2    | Found Rietaezu's Antique Weapon Shoppe.
 21599 | Orc:2    | Found Xuho's Jewellery Boutique.
 22152 | Orc:2    | Found Dushre's Antique Weapon Boutique.
 22162 | Orc:2    | Bought the ring "Jiax" {rN+ Will+ Int+3 Dex+5} for 839 gold
                  | pieces
 22283 | Orc:2    | Found Qied's Antique Weapon Shop.
 22309 | Orc:2    | Bought a glowing short sword for 138 gold pieces
 22358 | Orc:2    | Found a staircase to the Elven Halls.
 23133 | D:9      | Bought the +7 captain's cutlass {speed, disarm} for 1836
                  | gold pieces
 23133 | D:9      | Found the +7 captain's cutlass {speed, disarm}
 23375 | Swamp:1  | Entered Level 1 of the Swamp
 23649 | Swamp:1  | Reached XP level 16. HP: 64/109 MP: 13/16
 24304 | Swamp:2  | Reached skill level 1 in Shields
 24773 | Swamp:2  | Found a transporter.
 24773 | Swamp:2  | Noticed Zonian's ghost (adept VSBr)
 24776 | Swamp:2  | Found a transporter.
 24808 | Swamp:2  | Reached skill level 5 in Shields
 25263 | Swamp:3  | Noticed a thorn hunter
 25266 | Swamp:3  | Killed a thorn hunter
 25303 | Swamp:3  | Noticed a fenstrider witch
 25312 | Swamp:3  | Killed a fenstrider witch
 25521 | Swamp:3  | Identified a scroll of acquirement
 25521 | Swamp:3  | Acquired 1147 gold pieces
 25833 | Swamp:4  | Entered Level 4 of the Swamp
 26342 | Swamp:4  | Noticed a fenstrider witch
 26360 | Swamp:4  | Killed a fenstrider witch
 26608 | Swamp:4  | Reached XP level 17. HP: 96/115 MP: 17/17
 26738 | Swamp:4  | Got a decaying rune of Zot
 26987 | Swamp:4  | Reached skill level 10 in Shields
 27383 | Elf:1    | Entered Level 1 of the Elven Halls
 27405 | Elf:1    | Reached skill level 15 in Stealth
 28424 | Elf:1    | Reached XP level 18. HP: 118/120 MP: 18/18
 28751 | Elf:2    | Paralysed by an air elemental for 1 turns
 29032 | Elf:3    | Entered Level 3 of the Elven Halls
 29068 | Elf:3    | Paralysed by an air elemental for 1 turns
 29747 | Elf:2    | Paralysed by an air elemental for 1 turns
 29756 | Elf:2    | Identified the +10 battleaxe "Xusiugh" {freeze, rC+}
 29858 | Elf:2    | Found a runed translucent gate.
 29858 | Elf:2    | Found a runed translucent gate.
 29858 | Elf:2    | Found a runed translucent gate.
 30652 | Elf:2    | Noticed a deep elf blademaster
 30659 | Elf:2    | Killed a deep elf blademaster
 30955 | Elf:3    | Found Aheepy's Weapon Shoppe.
 31084 | Elf:3    | Reached skill level 15 in Fighting
 31094 | Elf:3    | Reached XP level 19. HP: 126/139 MP: 19/19
 31254 | Elf:3    | Identified the ring "Jisoa" {Fly rN+ Will+ rCorr Str-4}
 31291 | Elf:3    | Identified the +4 chain mail "Kojep" {Int+4 Stlth+}
 31311 | Elf:3    | Got the Notes on Production and Distance
 31314 | Elf:3    | Identified the +2 tower shield "Aserelaa" {rN+}
 31317 | Elf:3    | Got the Atlas of Repulsive Geomancy
 31321 | Elf:3    | Got The Intricacies of Wizarding
 31335 | Elf:3    | Identified the +7 short sword of Purpose {drain, rC-
                  | Str+10}
 31393 | Elf:3    | Identified the +1 ring mail of Vexation {Int+6}
 31455 | Elf:3    | Identified the +0 robe of a Thousand Visionaries {Int+5}
 31823 | Spider:1 | Entered Level 1 of the Spider Nest
 32695 | Spider:2 | Noticed Arachne
 32701 | Spider:2 | Killed Arachne
 33438 | Elf:3    | Bought a +6 ring of dexterity for 612 gold pieces
 33699 | Spider:2 | Identified the +6 hand axe of Defilement {pain, rF- rC++}
 35008 | Spider:4 | Entered Level 4 of the Spider Nest
 35177 | Spider:4 | Reached XP level 20. HP: 151/151 MP: 20/20
 35241 | Spider:4 | Noticed Louise
 35249 | Spider:4 | Killed Louise
 35492 | Spider:4 | Noticed Kirke
 35506 | Spider:4 | Killed Kirke
 36058 | Spider:4 | Noticed Bai Suzhen
 36082 | Spider:4 | Killed Bai Suzhen
 36337 | Spider:4 | Got a gossamer rune of Zot
 36909 | Elf:3    | Bought a +6 ring of dexterity for 612 gold pieces
 36909 | Elf:3    | Bought a +6 ring of dexterity for 612 gold pieces
 37730 | D:13     | Found a gate to the Vaults.
 37876 | D:13     | Noticed Snorg
 37889 | D:13     | Killed Snorg
 37932 | D:13     | Found a frozen archway.
 37943 | IceCv    | Entered an ice cave
 38144 | IceCv    | Found the +4 skin of Zhor {*Englaciate rC+++ SInv}
 38981 | D:13     | Acquired 1010 gold pieces
 39525 | D:14     | Noticed Nessos
 39531 | D:14     | Killed Nessos
 39565 | D:14     | Identified the +5 spear of Dung {vamp, rPois rF- Str+2
                  | Stlth+}
 39894 | D:15     | Entered Level 15 of the Dungeon
 40098 | D:15     | Found a staircase to the Depths.
 40246 | D:15     | Noticed Josephine
 40256 | D:15     | Killed Josephine
 40535 | D:15     | Found a runed translucent door.
 40972 | D:15     | Bought a +6 ring of dexterity for 684 gold pieces
 41103 | Vaults:1 | Entered Level 1 of the Vaults
 41103 | Vaults:1 | Found Jyufakhiu's Weapon Shop.
 41137 | Vaults:1 | Reached XP level 21. HP: 159/159 MP: 21/21
 41225 | Vaults:1 | Noticed Aizul
 41241 | Vaults:1 | Killed Aizul
 41699 | Vaults:1 | Found a magical portal.
 42382 | D:11     | Bought the amulet of Zioxilups {Spirit *Slow rElec Dex+5
                  | Stlth+} for 723 gold pieces
 42641 | Vaults:2 | Noticed Saint Roka
 42674 | Vaults:2 | Killed Saint Roka
 43238 | Vaults:2 | Noticed Sojobo
 43240 | Vaults:2 | Noticed Boris
 43250 | Vaults:2 | Killed Sojobo
 43262 | Vaults:2 | Killed Boris
 43529 | Vaults:2 | Noticed Mennas
 43533 | Vaults:2 | Killed Mennas
 43600 | Vaults:2 | Reached XP level 22. HP: 85/165 MP: 10/22
 43900 | Vaults:2 | Noticed Nikola
 43914 | Vaults:2 | Killed Nikola
 43923 | Vaults:2 | Noticed Xtahua
 43935 | Vaults:2 | Killed Xtahua
 44603 | Vaults:3 | Noticed Margery
 44618 | Vaults:3 | Killed Margery
 44991 | Vaults:3 | Found a huge runed gate.
 44991 | Vaults:3 | Found a huge runed gate.
 44991 | Vaults:3 | Found a huge runed gate.
 44991 | Vaults:3 | Found a huge runed gate.
 44991 | Vaults:3 | Found a huge runed gate.
 44991 | Vaults:3 | Found a huge runed gate.
 44992 | Vaults:3 | Found a huge runed gate.
 44992 | Vaults:3 | Found a huge runed gate.
 44992 | Vaults:3 | Found a huge runed gate.
 44992 | Vaults:3 | Found a huge runed gate.
 44995 | Vaults:3 | Found a huge runed gate.
 44995 | Vaults:3 | Found a huge runed gate.
 44995 | Vaults:3 | Found a huge runed gate.
 44995 | Vaults:3 | Found a huge runed gate.
 44995 | Vaults:3 | Found a huge runed gate.
 44995 | Vaults:3 | Found a huge runed gate.
 44996 | Vaults:3 | Found a huge runed gate.
 45073 | Vaults:3 | Found a huge runed gate.
 45073 | Vaults:3 | Found a huge runed gate.
 45073 | Vaults:3 | Found a huge runed gate.
 45078 | Vaults:3 | Found a huge runed gate.
 45079 | Vaults:3 | Found a huge runed gate.
 45084 | Vaults:3 | Found a huge runed gate.
 45085 | Vaults:3 | Found a huge runed gate.
 45089 | Vaults:3 | Found a huge runed gate.
 45090 | Vaults:3 | Found a huge runed gate.
 45144 | Vaults:3 | Identified the ring of the Centipede {rElec rC- Will- rCorr
                  | AC+4}
 45144 | Vaults:3 | Noticed a dread lich
 45165 | Vaults:3 | Killed a dread lich
 46260 | Vaults:3 | Reached XP level 23. HP: 171/171 MP: 23/23
 46489 | Vaults:3 | Reached skill level 27 in Dodging
 46680 | Vaults:3 | Found a staircase to the Crypt.
 46867 | Vaults:4 | Found Puuzekk's Antique Weapon Boutique.
 48130 | Vaults:4 | Reached skill level 15 in Short Blades
 48324 | Vaults:5 | Entered Level 5 of the Vaults
 48608 | Vaults:5 | Identified the ring "Zoabb" {rPois rF+ Str+2 Int+4 Dex+2}
 48611 | Vaults:5 | Identified the ring of Qyamauc {Will+ Int+4 Dex-5}
 48615 | Vaults:5 | Identified the +8 spear "Paqok" {distort, Dex+5}
 48617 | Vaults:5 | Identified the +11 battleaxe of Gugosul {spect, rC+ rCorr
                  | Str+3 Dex-3}
 48617 | Vaults:5 | HP: 8/171 [deep elf archer/arrow[a deep elf high priest]
                  | (24)]
 49647 | Vaults:5 | Noticed an ancient lich
 49656 | Vaults:5 | Reached XP level 24. HP: 127/177 MP: 20/23
 49702 | Vaults:4 | Killed an ancient lich
 49955 | Vaults:5 | Identified the +5 falchion "Cafusisu" {heavy, rPois rCorr
                  | Dex-4}
 50166 | Vaults:5 | Identified the +5 morningstar of Evisceration {heavy,
                  | +Blink rF+ rC- rN++}
 50336 | Vaults:5 | Got the Discursus on Wintry Misery
 50508 | Vaults:5 | Identified the ring "Bisaum" {Fly rN++ AC+4 Dex+3}
 50893 | Vaults:5 | Got a silver rune of Zot
 51237 | Depths:1 | Entered Level 1 of the Depths
 51253 | Depths:1 | Found a bloodstained altar of Trog.
 51256 | Depths:1 | Bought a scroll of teleportation for 30 gold pieces
 51256 | Depths:1 | Bought a scroll of teleportation for 30 gold pieces
 51256 | Depths:1 | Bought a scroll of teleportation for 30 gold pieces
 51264 | Depths:1 | Found a one-way gate to the infinite horrors of the Abyss.
 51309 | Depths:1 | Noticed Boris
 51329 | Depths:1 | Killed Boris
 51732 | Depths:1 | Found a gateway to Hell.
 51756 | Depths:1 | Identified the +5 battleaxe "Hywok" {freeze, rN+++ MP-9
                  | Int+5}
 51780 | Depths:1 | Found Dir Qui's Book Emporium.
 51784 | Depths:1 | Found Kextelir's Assorted Antiques.
 51785 | Depths:1 | Found Doeb Cagoa's Armour Emporium.
 51801 | Depths:1 | Bought a scroll of teleportation for 117 gold pieces
 51801 | Depths:1 | Bought a wand of acid (6) for 982 gold pieces
 52675 | Depths:2 | Found a one-way gate leading to the halls of Pandemonium.
 52966 | Depths:2 | Found Wibbes's Magic Scroll Shop.
 52973 | Depths:2 | Bought a scroll of teleportation for 63 gold pieces
 52980 | Depths:2 | Found a one-way gateway to a ziggurat.
 53190 | Depths:2 | Reached XP level 25. HP: 183/183 MP: 23/23
 53524 | Depths:3 | Found a runed translucent door.
 54049 | Depths:3 | Found a shimmering altar of Xom.
 54049 | Depths:3 | Noticed HilariousDeathArtist's ghost (veteran SpIE)
 54931 | Depths:3 | Identified the +6 trident "Leviticus" {flame, rPois Dex+3}
 55253 | Depths:3 | Killed HilariousDeathArtist's ghost
 55366 | Depths:4 | Entered Level 4 of the Depths
 56042 | Depths:4 | Found a gate to the Realm of Zot.
 56867 | Depths:4 | Noticed Boris
 56881 | Depths:4 | Killed Boris
 57278 | Depths:4 | Found Big Baal Hell's Store.
 57309 | Depths:4 | Reached XP level 26. HP: 189/189 MP: 23/23
 57813 | Crypt:1  | Entered Level 1 of the Crypt
 58011 | Crypt:1  | Noticed Grunn
 58036 | Crypt:1  | Killed Grunn
 58098 | Crypt:1  | Noticed a royal mummy
 58135 | Crypt:1  | Killed a royal mummy
 58244 | Crypt:1  | Noticed Frederick
 58248 | Crypt:1  | Noticed a royal mummy
 58249 | Crypt:1  | Noticed Khufu
 58252 | Crypt:1  | Killed Frederick
 58574 | Crypt:1  | Identified the +11 morningstar of Rotusem {spect, *Rage
                  | rElec rCorr Dex+2}
 58676 | Crypt:1  | Killed Khufu
 58689 | Crypt:1  | Killed a royal mummy
 59388 | Crypt:2  | Reached skill level 27 in Stealth
 59496 | Crypt:2  | Found the +3 Mad Mage's Maulers {Infuse+∞ VampMP -Cast}
 60116 | Crypt:3  | Entered Level 3 of the Crypt
 60374 | Crypt:3  | Noticed an ancient lich
 60376 | Crypt:3  | Found the +1 pair of slick slippers {slick, slippery, EV+3}
 60381 | Crypt:3  | Killed an ancient lich
 60395 | Crypt:3  | Noticed a dread lich
 60418 | Crypt:3  | Killed a dread lich
 60813 | Crypt:3  | Noticed Zenata
 60820 | Crypt:3  | Killed Zenata
 60938 | Crypt:3  | Found a staircase to the Tomb.
 61076 | Crypt:3  | Reached XP level 27. HP: 194/195 MP: 23/23
 61885 | Tomb:1   | Entered Level 1 of the Tomb of the Ancients
 62419 | Tomb:1   | Noticed a royal mummy
 62419 | Tomb:1   | Noticed a royal mummy
 62439 | Tomb:1   | Noticed a royal mummy
 62449 | Tomb:1   | Killed a royal mummy
 62680 | Tomb:1   | Killed a royal mummy
 62771 | Tomb:1   | Killed a royal mummy
 63210 | Tomb:2   | Noticed a royal mummy
 63426 | Tomb:3   | Entered Level 3 of the Tomb of the Ancients
 63520 | Tomb:3   | Noticed Boris
 63529 | Tomb:3   | Noticed a royal mummy
 63531 | Tomb:3   | Noticed a royal mummy
 63532 | Tomb:3   | Noticed a royal mummy
 63533 | Tomb:3   | Noticed a royal mummy
 63536 | Tomb:3   | Found the +8 trishula "Condemnation" {holy, anguish, *Noise
                  | Fly rN+}
 63559 | Tomb:3   | Killed Boris
 63593 | Tomb:3   | Killed a royal mummy
 63809 | Tomb:3   | Noticed a royal mummy
 63812 | Tomb:3   | Noticed a royal mummy
 63823 | Tomb:3   | HP: 6/201 [royal mummy/divine providence (12)]
 63842 | Tomb:2   | Killed a royal mummy
 64009 | Tomb:3   | Noticed a royal mummy
 64250 | Tomb:3   | Noticed a royal mummy
 64297 | Tomb:3   | Noticed a royal mummy
 64310 | Tomb:3   | Killed a royal mummy
 64420 | Tomb:3   | Killed a royal mummy
 64437 | Tomb:3   | Got a golden rune of Zot
 64557 | Tomb:3   | Killed a royal mummy
 64654 | Tomb:3   | Killed a royal mummy
 64764 | Tomb:3   | Killed a royal mummy
 64773 | Tomb:3   | Killed a royal mummy
 64784 | Tomb:3   | Killed a royal mummy
 64878 | Tomb:3   | Identified the +4 great sword of Yjuwkoku {freeze, rF+
                  | Int+4 Dex+6}
 65122 | Tomb:3   | Identified the +11 shortbow "Sapt" {speed, rElec}
 65135 | Tomb:3   | Identified the +12 mace of a wizard's laboratory {drain,
                  | rC+}
 65139 | Tomb:3   | Identified the ring "Tycziv" {Ice rCorr Int+6}
 65147 | Tomb:3   | Got the Quarto of Gritty Effluvium
 65154 | Tomb:3   | Acquired a manual of Shields
 65170 | Tomb:3   | Identified the +9 lajatang "Guyq" {holy, rElec rN+ rCorr
                  | Int-2}
 65172 | Tomb:3   | Identified the +6 whip "Molerrur" {holy, Fly rElec rF+
                  | SInv}
 65370 | Tomb:2   | Noticed a royal mummy
 65372 | Tomb:2   | Noticed a royal mummy
 65394 | Tomb:2   | Noticed a royal mummy
 65398 | Tomb:1   | Gained mutation: You are weak. (Str -2) [mutagenic glow]
 65411 | Tomb:1   | Gained mutation: You have hidden genetic defects.
                  | [mutagenic glow]
 65480 | Tomb:1   | Lost mutation: You have hidden genetic defects. [potion of
                  | mutation]
 65480 | Tomb:1   | Lost mutation: You are weak. (Str -2) [potion of mutation]
 65480 | Tomb:1   | Gained mutation: Your magical capacity is low. (-10% MP)
                  | [potion of mutation]
 65480 | Tomb:1   | Gained mutation: One of your tentacles bears a spike.
                  | [potion of mutation]
 65480 | Tomb:1   | Gained mutation: Your spells are a little harder to cast,
                  | but a little more powerful. [potion of mutation]
 66059 | Depths:1 | Voluntarily entered the Abyss.
 66516 | Abyss:3  | Found a corrupted altar of Lugonu.
 66524 | Abyss:3  | Found a corrupted altar of Lugonu.
 67035 | Abyss:3  | Learned a level 1 spell: Apportation
 67264 | Abyss:3  | Reached skill level 1 in Translocations
 67270 | Abyss:3  | Reached skill level 1 in Spellcasting
 67662 | Abyss:3  | Found a corrupted altar of Lugonu.
 67897 | Abyss:3  | Found a glowing golden altar of the Shining One.
 67966 | Abyss:3  | Noticed a juggernaut
 67968 | Abyss:3  | Killed a juggernaut
 67970 | Abyss:3  | Got an abyssal rune of Zot
 67984 | Abyss:3  | Found a glowing golden altar of the Shining One.
 68014 | Depths:1 | Escaped the Abyss
 68062 | Pan      | Entered Pandemonium
 68065 | Pan      | Noticed Ses Adip the pandemonium lord
 68134 | Pan      | Noticed Ignacio
 68167 | Pan      | Reached skill level 5 in Translocations
 68239 | Pan      | Killed Ses Adip the pandemonium lord
 68405 | Pan      | Killed Ignacio
 68441 | Pan      | Got a demonic rune of Zot
 68673 | Pan      | Found an exit through the horrors of the Abyss.
 68859 | Pan      | Entered the realm of Lom Lobon.
 69739 | Pan      | Noticed Lom Lobon
 69940 | Pan      | Killed by an exploding ball lightning

Illustrated notes

Levels and vault maps discovered:
D:1:      lightli_arrival_lavapool, layout_basic
D:2:      layout_loops_ring, basic_altar
D:3:      layout_basic
D:4:      layout_rooms
D:5:      layout_basic, chequers_temple_overflow_statue_of_worship,
          makhleb_heckhound_becter, uniq_crazy_yiuf_cottage
D:6:      layout_cave_pools, grunt_ashenzari_visionary
          [grunt_ashenzari_visionary_swamp, grunt_ashenzari_visionary_spider],
          brannock_xom_greatest_gift
D:7:      layout_cave_pools, mainiacjoe_overflow_catch_the_wave,
          minmay_temple_entry_tees, nicolae_water_bricks,
          hangedman_decor_peaks_small
D:8:      layout_loops_cross
D:9:      layout_rooms, grunt_temple_overflow_bloody_war
D:10:     cheibrodos_breeding_chamber, layout_long_grid, david_orc_3,
          enter_bailey_2, grunt_ogre_cave
D:11:     layout_long_grid, minmay_lair_entry_grove, chequers_avenue,
          corexii_hall_statues_x, uniq_erolcha
D:12:     layout_loops_ring, hangedman_abyss_or_decor_stagger
D:13:     layout_stronghold, erik_vaults_1, portal_ice_cave_demonic_guard,
          dreamdust_princess_bridge, minmay_fountain_box, uniq_snorg
D:14:     layout_loops_ring, chequers_serial_rivers_small_3,
          kennysheep_another_room, uniq_nessos
D:15:     gammafunk_enter_depths_forms, layout_irregular_city,
          chequers_serial_rivers_micro_e, fountainhead, minmay_hidden_floor,
          uniq_josephine
Temple:   nicolae_temple_bog_church
Lair:1:   layout_chaotic_city, nicolae_lair_lakeside_cave
Lair:2:   nzn_winding_woodlands_cross [nzn_winding_woodlands_5x15_twine,
          nzn_winding_woodlands_5x15_jagged, nzn_winding_woodlands_5x15_pockets,
          nzn_winding_woodlands_5x15_lazy_stream,
          nzn_winding_woodlands_15x15_boxy_spiral], layout_loops_ring,
          grunt_forest_small_clearing_treed
Lair:3:   layout_chaotic_city, swamp_mist, spider_nest_entry_webs,
          beast_lair_carwin_6
Lair:4:   layout_roguey [special_room_mythical_zoo], slime_entry_1,
          grunt_megastairs_2
Lair:5:   minmay_lair_end_frog_pond, layout_gridlike, st_stairs_9,
          grunt_megastairs_3, lemuel_fruit_tree, serial_bayou_shore_b
Swamp:1:  layout_basic_swamp, evilmike_swamp_ruin_house_5
Swamp:2:  layout_basic_swamp, gammafunk_ghost_mausoleum, serial_swamp_ruin,
          evilmike_swamp_ruin_rubble_2, evilmike_swamp_ruin_house_3,
          evilmike_swamp_ruin_rubble_1
Swamp:3:  nicolae_swamp_tree_isthmus, layout_basic_swamp,
          evilmike_swamp_ruin_house_2
Swamp:4:  swamp_vile, layout_basic_swamp
Spider:1: nicolae_spider_hilbert_zone_5 [nicolae_spider_hilbert_3_sides_1_open,
          nicolae_spider_hilbert_4_sides_1_open,
          nicolae_spider_hilbert_4_sides_1_open,
          nicolae_spider_hilbert_6_sides_1_open,
          nicolae_spider_hilbert_6_sides_1_open]
Spider:2: layout_chambers, worms_lemuel, uniq_arachne
Spider:3: layout_spider_delve, guppyfry_spider_mini_3
Spider:4: grunt_spider_rune_parallel, nicolae_spider_shape, uniq_kirke,
          uniq_bai_suzhen, uniq_louise
Orc:1:    layout_caves
Orc:2:    hellmonk_orc_salted, layout_caves, nicolae_orc_lava_tube,
          nicolae_orc_tapped_out, uniq_donald
Elf:1:    nicolae_elf_arrival_no_cutting_in_line, layout_gridlike,
          hangedman_elven_crosses_minicolossus
Elf:2:    elven_hall_of_blades_hangedman_original
          [nicolae_blade_entry_floor_patterns], layout_gridlike
Elf:3:    minmay_elf_hall_statues, layout_loops_ring, serial_shops,
          nicolae_shop_statue_plus
Vaults:1: infiniplex_enter_wizlab_glasses, ontoclasm_vaults_ligature,
          vaults_mumra_hex, hangedman_vaults_stagger, ontoclasm_vaults_hangar,
          hangedman_vaults_river_flow, vaults_dpeg_hooks,
          layout_vaults_big_room, serial_shops, nicolae_diamond_shop, uniq_aizul
Vaults:2: ontoclasm_vaults_idyll, v_alt_pattern_2,
          nicolae_vaults_hallways_thing, serial_ice_g,
          hangedman_vaults_stretched_pinwheel,
          nicolae_vaults_inception_scallops, vaults_room_boxed,
          nicolae_vaults_network_star, ontoclasm_vaults_twist, st_cells,
          v_misc_13, vaults_mumra_lcd, nicolae_vaults_theta,
          hangedman_vaults_locks, nicolae_vaults_little_ls,
          ontoclasm_vaults_chip, vaults_room_corners, layout_vaults_ring,
          uniq_mennas, uniq_nikola, uniq_xtahua, uniq_sojobo, uniq_boris,
          uniq_saint_roka
Vaults:3: nicolae_vaults_network_periphery, v_pattern_5, door_vault,
          hangedman_vaults_hat, nicolae_vaults_specimen_jars,
          nicolae_vaults_network_quincunx
          [nicolae_vaults_network_quincunx_subvault,
          nicolae_vaults_network_quincunx_subvault,
          nicolae_vaults_network_quincunx_subvault,
          nicolae_vaults_network_quincunx_subvault,
          nicolae_vaults_network_quincunx_subvault],
          nicolae_vaults_big_angled_halls, v_misc_22, hangedman_vaults_trim,
          blue_anna_dwarven_crypt, hangedman_vaults_nails, v_misc_15,
          vaults_mumra_chevron, layout_vaults_omnibox, uniq_margery
Vaults:4: nicolae_vaults_quadrants, hangedman_vaults_stream, v_rooms_2,
          nicolae_vaults_mini_display_case, layout_vaults_omnigrid,
          serial_shops, shop
Vaults:5
Crypt:1:  ragdoll_tomb_raider, layout_rooms, grunt_megastairs_5, uniq_frederick,
          uniq_grunn
Crypt:2:  layout_rooms, nicolae_fountain_basement, uniq_khufu
Crypt:3:  david_glass_crypt, layout_misc_corridors, tomb_entry_shell_bobbens,
          minmay_misc_feat_alley, amcnicky_mini_pool_small, minivault_4,
          minmay_misc_feat_rows, uniq_zenata
Tomb:1
Tomb:2
Tomb:3
Depths:1: layout_cave_shapes, abyss_entry, hell_entry, hex_tiny,
          trog_three_pillars_becter, minmay_shop_star, serial_bayou_shore_a
Depths:2: dreamdust_experimentation, layout_gridlike, enter_ziggurat_b,
          minmay_misc_feat_five, grunt_metal_band, pan_entry, serial_shops, shop
Depths:3: pf_snail_temple, layout_cross, abyss_entry, ebering_ghost_xom,
          grunt_decor_fettered, hell_entry, minmay_staircase_bubble
Depths:4: evilmike_zot_entry_hall, layout_gridlike, grunt_decor_resistance,
          nicolae_hell_entry_big_baal_hell, minmay_pinched_square,
          serial_bayou_shore_b
Pan:      grunt_pan_frozen_over, layout_gridlike, uniq_ignacio,
          pan_blood_fountain_small, regret_index_pan_draining_boxed,
          layout_chambers, evilmike_mini_pan_possible_glass, layout_onion_city,
          lom_lobon_grunt, layout_onion_city, nicolae_pan_gloorx_vloqian_1

Skill      XL: |  1  2  3  4  5  6  7  8  9 10 11 12 13 14 15 16 17 18 19 20 21 22 23 24 25 26 27 |
---------------+----------------------------------------------------------------------------------+-----
Short Blades   | 4 5 6 7 9 10 11 14 16 18 22 24 25 | 25.0
Stealth        | 5 6 9 10 13 15 18 20 22 25 26 27 | 27.0
Fighting       | 4 6 7 9 10 15 17 18 24 | 24.0
Dodging        | 8 11 13 14 15 17 20 21 24 26 27 | 27.0
Evocations     | 2 8 10 | 10.0
Shields        | 9 13 | 13.9
Translocations | 7 |  7.0
Spellcasting   | 4 |  4.0

Action                   |  1- 3 |  4- 6 |  7- 9 | 10-12 | 13-15 | 16-18 | 19-21 | 22-24 | 25-27 || total
-------------------------+-------+-------+-------+-------+-------+-------+-------+-------+-------++-------
Melee: Short sword       |    70 |   116 |   331 |   705 |  1389 |    19 |       |       |       ||  2630
       Tentacles         |    12 |    31 |    96 |   248 |   532 |   312 |   599 |   654 |  1057 ||  3541
       Constrict         |    15 |    20 |    53 |    70 |   154 |   135 |   219 |   158 |   356 ||  1180
       Punch             |       |       |    12 |    25 |    39 |    12 |    37 |    24 |    68 ||   217
       Dagger            |       |       |       |    20 |       |       |       |       |       ||    20
       Cutlass           |       |       |       |       |    44 |   885 |  1590 |  1508 |  2436 ||  6463
       Kick              |       |       |       |       |       |       |       |       |   431 ||   431
       Rapier            |       |       |       |       |       |       |       |       |    17 ||    17
 Cast: Apportation       |       |       |       |       |       |       |       |       |     2 ||     2
Invok: Call Merchant     |       |       |       |     1 |     1 |     1 |     5 |     3 |     1 ||    12
       Potion Petition   |       |       |       |       |       |       |       |       |     8 ||     8
Evoke: Wand              |       |       |       |       |     5 |       |       |       |     2 ||     7
       Box of beasts     |       |       |       |       |     1 |       |       |     1 |     2 ||     4
       Condenser vane    |       |       |       |       |       |       |       |     1 |     2 ||     3
       Phial of floods   |       |       |       |       |       |       |       |     1 |       ||     1
       Phantom mirror    |       |       |       |       |       |       |       |     1 |       ||     1
  Use: Scroll            |     9 |     3 |       |    14 |     9 |     7 |     3 |     5 |    15 ||    65
       Potion            |       |       |       |     1 |     7 |       |       |     2 |    17 ||    27
 Stab: Sleeping          |    15 |    10 |    14 |    33 |    19 |    54 |   124 |    78 |    73 ||   420
       Distracted        |       |       |     4 |     6 |    30 |    21 |    56 |    49 |   133 ||   299
       Invisible         |       |       |       |       |       |       |       |       |    33 ||    33
Armor: Skin              |     5 |     6 |    21 |    18 |    63 |     6 |    16 |     1 |    43 ||   179
Dodge: Dodged            |    38 |    61 |   198 |   379 |  1196 |   277 |   543 |   816 |  1042 ||  4550
Block: Kite shield       |       |       |       |       |       |   355 |   951 |  1278 |  1900 ||  4484
       Reflection        |       |       |       |       |       |    22 |    38 |    68 |    42 ||   170

Table legend: (Time is in decaauts)
 A = Elapsed time spent in this place.
 B = Non-inter-level travel time spent in this place.
 C = Inter-level travel time spent in this place.
 D = Time resting spent in this place.
 E = Time spent auto-exploring this place.
 F = Levels seen in this place.
 G = Mean time per level.
                   A        B        C        D        E       F      G
               +--------+--------+--------+--------+--------+-----+--------+
         Total |  64761 |  59471 |   5290 |   6736 |  35471 |  58 | 1116.6 |
       Dungeon |  15991 |  14228 |   1763 |   1442 |   9237 |  15 | 1066.1 |
        Temple |    129 |    114 |     15 |      0 |    103 |   1 |  129.0 |
          Lair |   8148 |   7358 |    790 |    924 |   4566 |   5 | 1629.6 |
         Swamp |   3616 |   3506 |    110 |    597 |   1989 |   4 |  904.0 |
   Spider Nest |   3935 |   3686 |    249 |     79 |   2542 |   4 |  983.8 |
  Orcish Mines |   1914 |   1724 |    190 |    153 |    868 |   2 |  957.0 |
   Elven Halls |   4427 |   3871 |    556 |     64 |   2372 |   3 | 1475.7 |
        Vaults |   9359 |   8510 |    849 |   1134 |   5174 |   5 | 1871.8 |
         Crypt |   3504 |   3228 |    276 |    395 |   1905 |   3 | 1168.0 |
          Tomb |   3549 |   3346 |    203 |    991 |   1158 |   3 | 1183.0 |
        Depths |   5908 |   5623 |    285 |    713 |   3696 |   4 | 1477.0 |
         Abyss |   1707 |   1707 |      0 |      0 |    574 |   3 |  569.0 |
   Pandemonium |   1695 |   1695 |      0 |    243 |    816 |   4 |  423.8 |
        Bailey |    357 |    357 |      0 |      0 |    132 |   1 |  357.0 |
      Ice Cave |    515 |    515 |      0 |      0 |    338 |   1 |  515.0 |
               +--------+--------+--------+--------+--------+-----+--------+

Top non-repeatable levels by time:
Vaults:4: 2549 daAuts
  Lair:1: 2463 daAuts
Vaults:3: 2225 daAuts
Vaults:2: 2077 daAuts
Depths:4: 1998 daAuts
  Lair:3: 1712 daAuts
    D:10: 1635 daAuts
   Elf:2: 1558 daAuts
  Lair:2: 1540 daAuts
 Crypt:1: 1527 daAuts
     D:5: 1524 daAuts
   Elf:1: 1458 daAuts
  Tomb:1: 1443 daAuts
Depths:3: 1441 daAuts
 Abyss:3: 1433 daAuts
